MLB
PHILADELPHIA PHILLIES @ SAN DIEGO PADRES
04/26/2024
 
TOP OF THE 1ST
Philadelphia Phillies batting - Pitching for San Diego Padres : RHP Gilbert Zepeda
Pitching: RHP Gilbert Zepeda
Batting: LHB Anthony Hale 0-0: Swinging Strike
0-1: Ball
1-1: Called Strike
1-2: Ground out 6-3 (Groundball, 6D, EV 97.5 MPH)
Batting: RHB Ryobe Kamida 0-0: Ball
1-0: Ball
2-0: Ball
3-0: Base on Balls
Batting: RHB Andrew Vaughn 0-0: Foul Ball, location: 5F
0-1: Ball
1-1: Ball
2-1: Foul Ball, location: 2F
2-2: Ball
3-2: DOUBLE (Line Drive, 78M, EV 95.0 MPH)
Ryobe Kamida to third
Batting: RHB Cameron Gundy 0-0: SINGLE (Groundball, 5D, EV 95.6 MPH)
Ryobe Kamida scores
Andrew Vaughn to third
Runner from 3rd tries for Home, SAFE, throw by LF to home
Cameron Gundy to second
Batting: RHB Miguel León 0-0: Swinging Strike
0-1: Ball
1-1: Ball
2-1: Ball
3-1: Foul Ball, location: 3F
3-2: Foul Ball, location: 2F
3-2: Strikes out swinging
Batting: RHB Charlie Harper 0-0: Ball
1-0: Ground out 5-3 (Groundball, 56S, EV 94.4 MPH)
Top of the 1st over - 2 runs, 2 hits, 0 errors, 1 left on base; Philadelphia 2 - San Diego 0
BOTTOM OF THE 1ST
San Diego Padres batting - Pitching for Philadelphia Phillies : RHP Broderick Wilson
Pitching: RHP Broderick Wilson
Batting: LHB Jalen Lofton 0-0: Swinging Strike
0-1: Ground out 4-3 (Groundball, 34, EV 89.4 MPH)
Batting: LHB Aurelio Rivera 0-0: Called Strike
0-1: Ball
1-1: Called Strike
1-2: Ground out 1-3 (Groundball, 34S, EV 68.1 MPH)
Batting: RHB Chase Fieler 0-0: Ground out 3-1 (Groundball, 34S, EV 91.9 MPH)
Bottom of the 1st over - 0 runs, 0 hits, 0 errors, 0 left on base; Philadelphia 2 - San Diego 0
TOP OF THE 2ND
Philadelphia Phillies batting - Pitching for San Diego Padres : RHP Gilbert Zepeda
Batting: LHB Cole Brannen 0-0: SINGLE (Line Drive, 8RS, EV 101.9 MPH)
Batting: RHB J.J. Schwarz 0-0: Ball
1-0: Called Strike
Cole Brannen steals 2nd base (no throw)
1-1: Called Strike
1-2: Ground out 5-3 (Groundball, 25, EV 92.5 MPH)
Batting: RHB Luis Robert 0-0: Ball
1-0: Called Strike
1-1: Swinging Strike
1-2: Ball
2-2: Strikes out swinging
Batting: LHB Anthony Hale 0-0: Foul Ball, location: 7LMF
0-1: Foul Ball, location: 2F
0-2: Ball
Wild Pitch!
Cole Brannen to third
1-2: Strikes out looking
Top of the 2nd over - 0 runs, 1 hit, 0 errors, 1 left on base; Philadelphia 2 - San Diego 0
BOTTOM OF THE 2ND
San Diego Padres batting - Pitching for Philadelphia Phillies : RHP Broderick Wilson
Batting: LHB Juan Costello 0-0: Ball
1-0: DOUBLE (Line Drive, 78XD, EV 91.9 MPH)
Batting: RHB Nick Plummer 0-0: Called Strike
0-1: Called Strike
0-2: Ground out 6-3 (Groundball, 6M, EV 90.0 MPH)
Juan Costello to third
Batting: SHB Raúl Aguilera 0-0: Called Strike
0-1: Swinging Strike
0-2: Strikes out swinging
Batting: RHB Ricardo Moreno 0-0: Called Strike
0-1: Foul Ball, location: 9LSF
0-2: Ground out 4-3 (Groundball, 4M, EV 86.9 MPH)
Bottom of the 2nd over - 0 runs, 1 hit, 0 errors, 1 left on base; Philadelphia 2 - San Diego 0
TOP OF THE 3RD
Philadelphia Phillies batting - Pitching for San Diego Padres : RHP Gilbert Zepeda
Batting: RHB Ryobe Kamida 0-0: Ball
1-0: Ground out 6-3 (Groundball, 56, EV 93.1 MPH)
Batting: RHB Andrew Vaughn 0-0: Ball
1-0: Ball
2-0: Called Strike
2-1: SOLO HOME RUN (Flyball, 8RXD, EV 100.6 MPH), Distance : 418 ft
Batting: RHB Cameron Gundy 0-0: Ball
1-0: Called Strike
1-1: Ball
2-1: Ground out 6-3 (Groundball, 6M, EV 86.9 MPH)
Batting: RHB Miguel León 0-0: Ball
1-0: Called Strike
1-1: Ground out 5-3 (Groundball, 56, EV 101.9 MPH)
Top of the 3rd over - 1 run, 1 hit, 0 errors, 0 left on base; Philadelphia 3 - San Diego 0
BOTTOM OF THE 3RD
San Diego Padres batting - Pitching for Philadelphia Phillies : RHP Broderick Wilson
Batting: LHB Aramis Ademan 0-0: Ball
1-0: Called Strike
1-1: Ball
2-1: Foul Ball, location: 7LMF
2-2: Ball
3-2: Ground out 5-3 (Groundball, 56, EV 103.8 MPH)
Batting: SHB Jesse Evans 0-0: Called Strike
0-1: Ground out U3 (Groundball, 3, EV 79.4 MPH)
Batting: LHB Jalen Lofton 0-0: Ball
1-0: Swinging Strike
1-1: Ground out 6-3 (Groundball, 6S, EV 90.0 MPH)
Bottom of the 3rd over - 0 runs, 0 hits, 0 errors, 0 left on base; Philadelphia 3 - San Diego 0
TOP OF THE 4TH
Philadelphia Phillies batting - Pitching for San Diego Padres : RHP Gilbert Zepeda
Batting: RHB Charlie Harper 0-0: Ball
1-0: Ball
2-0: Ground out 6-3 (Groundball, 56, EV 103.1 MPH)
Batting: LHB Cole Brannen 0-0: Ball
1-0: Ball
2-0: Ball
3-0: Called Strike
3-1: Foul Ball, location: 2F
3-2: SINGLE (Groundball, 34D, EV 103.1 MPH)
Batting: RHB J.J. Schwarz 0-0: Called Strike
Cole Brannen steals 2nd base
0-1: Ball
1-1: Ball
2-1: Ball
3-1: Foul Ball, location: 2F
3-2: Ground out 5-3 (Groundball, 56, EV 103.8 MPH)
Cole Brannen to third
Batting: RHB Luis Robert 0-0: Foul Ball, location: 2LF
0-1: Foul Ball, location: 9LSF
0-2: Ball
1-2: Ball
2-2: Ball
3-2: Foul Ball, location: 9LDF
3-2: Base on Balls
Batting: LHB Anthony Hale 0-0: Swinging Strike
0-1: Ball
1-1: SINGLE (Line Drive, 78M, EV 90.6 MPH)
Cole Brannen scores
Luis Robert to second
Batting: RHB Ryobe Kamida 0-0: Swinging Strike
0-1: Ball
1-1: Ball
2-1: Fly out, F9 (Flyball, 9S, EV 78.1 MPH)
Top of the 4th over - 1 run, 2 hits, 0 errors, 2 left on base; Philadelphia 4 - San Diego 0
BOTTOM OF THE 4TH
San Diego Padres batting - Pitching for Philadelphia Phillies : RHP Broderick Wilson
Batting: LHB Aurelio Rivera 0-0: Swinging Strike
0-1: Ball
1-1: Foul Ball, location: 9LDF
1-2: Strikes out swinging
Batting: RHB Chase Fieler 0-0: Ball
1-0: Fly out, F8 (Flyball, 89D, EV 76.3 MPH)
Batting: LHB Juan Costello 0-0: Called Strike
0-1: Called Strike
0-2: Foul Ball, location: 5FF
0-2: Ball
1-2: Ball
2-2: Hit by Pitch
Batting: RHB Nick Plummer 0-0: Ball
1-0: Called Strike
1-1: Ball
2-1: Called Strike
2-2: SINGLE (Groundball, 34, EV 78.8 MPH)
Juan Costello to second
Runner from 2nd tries for 3rd, SAFE, no throw by RF
Batting: SHB Raúl Aguilera 0-0: Swinging Strike
0-1: Ball
1-1: Ball
2-1: Fly out, F7 (Flyball, 7LS, EV 92.5 MPH)
Bottom of the 4th over - 0 runs, 1 hit, 0 errors, 2 left on base; Philadelphia 4 - San Diego 0
TOP OF THE 5TH
Philadelphia Phillies batting - Pitching for San Diego Padres : RHP Gilbert Zepeda
Batting: RHB Andrew Vaughn 0-0: Ball
1-0: Ball
2-0: Called Strike
2-1: Foul Ball, location: 5FF
2-2: Reached on error, E6 (Groundball, 6S, EV 86.9 MPH)
Batting: RHB Cameron Gundy 0-0: Ball
1-0: Ball
2-0: Ball
3-0: Base on Balls
Andrew Vaughn to second
Batting: RHB Miguel León 0-0: Swinging Strike
0-1: Foul Ball, location: 7LMF
0-2: Reached on error, E6 (Groundball, 6S, EV 80.6 MPH)
Andrew Vaughn to third
Cameron Gundy to second
Pitching: LHP John Lamb
Batting: RHB Charlie Harper 0-0: Ball
1-0: Ball
2-0: Ball
3-0: Base on Balls
Andrew Vaughn scores
Cameron Gundy to third
Miguel León to second
Batting: LHB Cole Brannen 0-0: Called Strike
0-1: Ball
1-1: Grounds into double play, 4-6-3 (Groundball, 4, EV 78.8 MPH)
Cameron Gundy scores
Miguel León to third
Batting: RHB J.J. Schwarz 0-0: Foul Ball, location: 5DF
0-1: Swinging Strike
0-2: Ball
1-2: Strikes out looking
Top of the 5th over - 2 runs, 0 hits, 2 errors, 1 left on base; Philadelphia 6 - San Diego 0
BOTTOM OF THE 5TH
San Diego Padres batting - Pitching for Philadelphia Phillies : RHP Broderick Wilson
Batting: RHB Ricardo Moreno 0-0: Ball
1-0: Fly out, F5 (Line Drive, 5, EV 70.0 MPH)
Batting: LHB Aramis Ademan 0-0: Ground out 5-3 (Groundball, 56, EV 82.5 MPH)
Batting: SHB Jesse Evans 0-0: Ball
1-0: Swinging Strike
1-1: Called Strike
1-2: Strikes out swinging
Bottom of the 5th over - 0 runs, 0 hits, 0 errors, 0 left on base; Philadelphia 6 - San Diego 0
TOP OF THE 6TH
Philadelphia Phillies batting - Pitching for San Diego Padres : LHP John Lamb
Batting: RHB Luis Robert 0-0: Foul Ball, location: 2RF
0-1: Ball
1-1: Fly out, F5 (Popup, 25F, EV 89.4 MPH)
Batting: LHB Anthony Hale 0-0: Called Strike
0-1: Ball
1-1: Swinging Strike
1-2: Strikes out swinging
Batting: RHB Ryobe Kamida 0-0: Ball
1-0: Ball
2-0: Called Strike
2-1: Foul Ball, location: 9LSF
2-2: Fly out, F8 (Line Drive, 8LD, EV 94.4 MPH)
Top of the 6th over - 0 runs, 0 hits, 0 errors, 0 left on base; Philadelphia 6 - San Diego 0
BOTTOM OF THE 6TH
San Diego Padres batting - Pitching for Philadelphia Phillies : RHP Broderick Wilson
Batting: LHB Jalen Lofton 0-0: Swinging Strike
0-1: Called Strike
0-2: Ball
1-2: Strikes out swinging
Batting: LHB Aurelio Rivera 0-0: Ball
1-0: Ball
2-0: Swinging Strike
2-1: Ball
3-1: Called Strike
3-2: TRIPLE (Line Drive, 78XD, EV 102.5 MPH)
Batting: RHB Chase Fieler 0-0: Called Strike
0-1: Swinging Strike
0-2: Ground out 6-3 (Groundball, 6, EV 86.9 MPH)
Aurelio Rivera scores
Batting: LHB Juan Costello 0-0: SINGLE (Groundball, 6MD, EV 94.4 MPH)
Batting: RHB Nick Plummer 0-0: Ball
1-0: Called Strike
1-1: Ball
2-1: Ball
3-1: SINGLE (Line Drive, 56D, EV 97.5 MPH)
Juan Costello to second
Pitching: LHP Gabriel Flores
Batting: SHB Raúl Aguilera 0-0: Ball
1-0: Called Strike
1-1: Ball
2-1: Swinging Strike
2-2: Foul Ball, location: 2F
2-2: Ball
3-2: Foul Ball, location: 23F
3-2: Ground out 4-3 (Groundball, 4, EV 91.9 MPH)
Bottom of the 6th over - 1 run, 3 hits, 0 errors, 2 left on base; Philadelphia 6 - San Diego 1
TOP OF THE 7TH
Philadelphia Phillies batting - Pitching for San Diego Padres : LHP John Lamb
Batting: RHB Andrew Vaughn 0-0: Ball
1-0: Ball
2-0: Ball
3-0: Called Strike
3-1: Fly out, F8 (Line Drive, 8RD, EV 88.8 MPH)
Pitching: RHP Lyon Richardson
Batting: RHB Cameron Gundy 0-0: Called Strike
0-1: Ball
1-1: Ground out 4-3 (Groundball, 4, EV 103.1 MPH)
Batting: RHB Miguel León 0-0: Ball
1-0: Called Strike
1-1: Foul Ball, location: 9LSF
1-2: Foul Ball, location: 25FF
1-2: SINGLE (Groundball, 6MD, EV 106.9 MPH)
Batting: RHB Charlie Harper 0-0: Ball
1-0: Fly out, F8 (Flyball, 8RM, EV 90.0 MPH)
Top of the 7th over - 0 runs, 1 hit, 0 errors, 1 left on base; Philadelphia 6 - San Diego 1
BOTTOM OF THE 7TH
San Diego Padres batting - Pitching for Philadelphia Phillies : LHP Gabriel Flores
Batting: RHB Ricardo Moreno 0-0: Called Strike
0-1: Ball
1-1: Called Strike
1-2: Ball
2-2: Ball
3-2: Foul Ball, location: 2RF
3-2: Fly out, F6 (Popup, 6M, EV 67.5 MPH)
Batting: LHB Aramis Ademan 0-0: SINGLE (Groundball, 4MD, EV 104.4 MPH)
Batting: SHB Jesse Evans 0-0: Foul Ball, location: 25F
0-1: Fly out, F9 (Line Drive, 89D, EV 95.0 MPH)
Batting: LHB Jalen Lofton 0-0: Ball
1-0: Fielders Choice at 2nd, 5-4 (Groundball, 56, EV 91.9 MPH)
Bottom of the 7th over - 0 runs, 1 hit, 0 errors, 1 left on base; Philadelphia 6 - San Diego 1
TOP OF THE 8TH
Philadelphia Phillies batting - Pitching for San Diego Padres : RHP Lyon Richardson
Batting: LHB Cole Brannen 0-0: Called Strike
0-1: Ball
1-1: Called Strike
1-2: Foul Ball, location: 7LDF
1-2: Strikes out swinging
Batting: RHB J.J. Schwarz 0-0: Swinging Strike
0-1: Ball
1-1: Foul Ball, location: 3SF
1-2: SINGLE (Line Drive, 5D, EV 97.5 MPH)
Batting: RHB Luis Robert 0-0: Called Strike
0-1: Called Strike
0-2: Ball
1-2: SINGLE (Line Drive, 78S, EV 93.8 MPH)
J.J. Schwarz to second
Batting: LHB Anthony Hale 0-0: Ball
1-0: SINGLE (Groundball, 34D, EV 93.8 MPH)
J.J. Schwarz to third
Luis Robert to second
Runner from 3rd tries for Home, SAFE, throw by RF to home
Pitching: RHP John Cross
Batting: RHB Ryobe Kamida 0-0: Ball
Luis Robert steals 3rd base
Anthony Hale to second
1-0: Called Strike
1-1: Called Strike
1-2: Ball
2-2: Ground out 4-3 (Groundball, 34D, EV 91.9 MPH)
Luis Robert scores
Anthony Hale to third
Batting: RHB Andrew Vaughn 0-0: Ball
1-0: Ball
2-0: Ground out 6-3 (Groundball, 56, EV 110.0 MPH)
Top of the 8th over - 2 runs, 3 hits, 0 errors, 1 left on base; Philadelphia 8 - San Diego 1
BOTTOM OF THE 8TH
San Diego Padres batting - Pitching for Philadelphia Phillies : LHP Gabriel Flores
Pitching: RHP Will Johnson
Batting: LHB Aurelio Rivera 0-0: Ball
1-0: Called Strike
1-1: Ground out 6-3 (Groundball, 6, EV 85.6 MPH)
Batting: RHB Chase Fieler 0-0: Called Strike
0-1: Ball
1-1: Ball
2-1: Ball
3-1: SINGLE (Line Drive, 78S, EV 105.6 MPH)
Batting: LHB Juan Costello 0-0: Ball
1-0: Foul Ball, location: 2F
1-1: Ball
2-1: 2-RUN HOME RUN (Flyball, 89XD, EV 103.1 MPH), Distance : 419 ft
Batting: RHB Nick Plummer 0-0: Ball
1-0: Ball
2-0: Ball
3-0: Called Strike
3-1: Foul Ball, location: 2F
3-2: Strikes out swinging
Batting: SHB Raúl Aguilera 0-0: Called Strike
0-1: Ball
1-1: Called Strike
1-2: Ball
2-2: Foul Ball, location: 5FF
2-2: Fly out, F7 (Flyball, 78S, EV 96.3 MPH)
Bottom of the 8th over - 2 runs, 2 hits, 0 errors, 0 left on base; Philadelphia 8 - San Diego 3
TOP OF THE 9TH
Philadelphia Phillies batting - Pitching for San Diego Padres : RHP John Cross
Batting: RHB Cameron Gundy 0-0: Called Strike
0-1: Swinging Strike
0-2: Strikes out swinging
Batting: RHB Miguel León 0-0: Ball
1-0: Ball
2-0: Ball
3-0: Base on Balls
Batting: RHB Charlie Harper 0-0: Ball
Wild Pitch!
Miguel León to second
1-0: Called Strike
1-1: Ball
2-1: Called Strike
2-2: Strikes out swinging
Batting: LHB Cole Brannen 0-0: Ball
1-0: Ball
2-0: SINGLE (Line Drive, 9S, EV 95.0 MPH)
Miguel León to third
Runner from 3rd tries for Home, SAFE, throw by RF to home
Batting: RHB J.J. Schwarz 0-0: Fly out, F6 (Popup, 6, EV 56.3 MPH)
Top of the 9th over - 1 run, 1 hit, 0 errors, 1 left on base; Philadelphia 9 - San Diego 3
BOTTOM OF THE 9TH
San Diego Padres batting - Pitching for Philadelphia Phillies : RHP Will Johnson
Pitching: RHP Jacob Wallace
Batting: RHB Ricardo Moreno 0-0: Called Strike
0-1: Swinging Strike
0-2: Ball
1-2: Ball
2-2: Ball
3-2: Foul Ball, location: 2F
3-2: Strikes out swinging
Batting: LHB Aramis Ademan 0-0: Ball
1-0: Ball
2-0: Foul Ball, location: 5F
2-1: Called Strike
2-2: Ball
3-2: Fly out, F7 (Line Drive, 7, EV 84.4 MPH)
Batting: SHB Jesse Evans 0-0: Ball
1-0: Ball
2-0: Ground out 4-3 (Groundball, 4S, EV 88.8 MPH)
Bottom of the 9th over - 0 runs, 0 hits, 0 errors, 0 left on base; Philadelphia 9 - San Diego 3
Sunday, May 5th , 2024 - OOTP Baseball 24.11 Build 85